 Dungeon Crawl Stone Soup version 0.21.1-1-g345015f (webtiles) character file.

55 LostNumber the Skirmisher (level 3, -1/37 HPs)
             Began as an Ogre Ice Elementalist on May 28, 2018.
             Slain by a goblin
             ... wielding a +0 club
              (5 damage)
             ... on level 2 of the Dungeon on June 15, 2018.
             The game lasted 00:06:14 (1511 turns).

LostNumber the Skirmisher (Ogre Ice Elementalist)   Turns: 1511, Time: 00:06:15

Health: -1/37      AC:  6    Str: 13    XL:     3   Next: 93%
Magic:  6/6        EV: 10    Int: 16    God:
Gold:   85         SH:  0    Dex:  9    Spells: 5/6 levels left

rFire    . . .     SeeInvis .   h - +0 hand axe
rCold    . . .     Gourm    .   (no shield)
rNeg     . . .     Faith    .   a - +0 robe
rPois    .         Spirit   .   (helmet restricted)
rElec    .         Reflect  .   (no cloak)
rCorr    .         Harm     .   (gloves unavailable)
MR       .....                  (boots unavailable)
Stlth    +.........             (no amulet)
HPRegen  0.12/turn              e - +3 ring of protection
MPRegen  0.10/turn              (no ring)

@: no status effects
A: large, unfitting armour, tough skin 1
a: no special abilities


You were on level 2 of the Dungeon.
You were not hungry.

You visited 1 branch of the dungeon, and saw 2 of its levels.

You collected 85 gold pieces.

Inventory:

Hand Weapons
 h - a +0 hand axe (weapon)
 i - a +2 mace of holy wrath
Armour
 a - a +0 robe (worn)
Jewellery
 e - a +3 ring of protection (left hand)
Scrolls
 f - 2 scrolls of remove curse
 j - a scroll of fear {unknown}
 n - a scroll of amnesia {unknown}
 o - a scroll of blinking {unknown}
Potions
 d - a potion of brilliance {unknown}
 g - a potion of lignification {unknown}
 k - a potion of heal wounds {unknown}
 l - a potion of curing {unknown}
 p - a potion of flight {unknown}
Books
 b - a book of Frost

   Spells                             Type                      Level
   a - Freeze                         Ice                          1
   b - Throw Frost                    Conjuration/Ice              2
   c - Ozocubu's Armour               Charms/Ice                   3
   d - Throw Icicle                   Conjuration/Ice              4
   e - Summon Ice Beast               Ice/Summoning                4
Comestibles
 c - 2 rations


   Skills:
 + Level 3.3 Fighting
 * Level 2.0 Axes
 - Level 1.7 Dodging
 - Level 1.4 Stealth
 - Level 2.4 Spellcasting
   Level 0.8 Conjurations
 - Level 2.6 Ice Magic


You had 5 spell levels left.
You knew the following spells:

 Your Spells              Type           Power        Failure   Level  Hunger
a - Freeze                Ice            ##..         7%          1    #......


Dungeon Overview and Level Annotations

Branches:
Dungeon (2/15)

Altars:


Innate Abilities, Weirdness & Mutations

You are too large for most types of armour.
You have tough skin. (AC +1)


Message History

The goblin hits you with a club.
* * * LOW HITPOINT WARNING * * *
The goblin closely misses you. The goblin barely misses you.
The goblin hits you but does no damage. The goblin hits you but does no damage.
The goblin hits you but does no damage. The goblin closely misses you.
The goblin hits you with a club.
* * * LOW HITPOINT WARNING * * *
The goblin barely misses you. The goblin misses you.
The goblin closely misses you. The goblin hits you with a club.
* * * LOW HITPOINT WARNING * * *
The goblin closely misses you. The goblin closely misses you.
The goblin hits you but does no damage. The goblin hits you with a club.
You die...

..... #. .### # ....
#.#(?.# .. ...#
#.#...# #..#..##
#.#...# .##......#
#.#...#
....#...######.....#
#..##.........g...#
...........##.@...#
###.#†............###
#.....=..##....#.##
..#.###.....##.#.#
.........##..#.#.#
.............#...#
...........#....##
................####
..######...##......##


You could see a goblin.

Vanquished Creatures
  An adder (D:1)
  2 worms
  3 dart slugs (D:1)
  3 bats (D:1)
  5 giant cockroaches
  5 hobgoblins
  3 jackals (D:1)
  2 frilled lizards (D:1)
  3 kobolds
  8 rats
35 creatures vanquished.

Notes
Turn   | Place    | Note
-------+----------+-------------------------------------------
     0 | D:1      | LostNumber the Ogre Ice Elementalist began the quest for the Orb.
     0 | D:1      | Reached XP level 1. HP: 16/16 MP: 3/3
    47 | D:1      | Reached skill level 1 in Fighting
   163 | D:1      | Reached skill level 2 in Fighting
   248 | D:1      | Reached XP level 2. HP: 28/28 MP: 0/5
   742 | D:1      | Reached skill level 1 in Axes
   748 | D:1      | Reached XP level 3. HP: 24/36 MP: 2/6
   930 | D:1      | Reached skill level 3 in Fighting
  1511 | D:2      | Slain by a goblin

Skill      XL: |  1  2  3 |
---------------+----------+-----
Fighting       | 2 3 |  3.3
Axes           | 1 2 |  2.0
Dodging        | |  1.7
Stealth        | |  1.4
Spellcasting   | |  2.4
Conjurations   | |  0.8
Ice Magic      | |  2.6

Action                   || total
-------------------------++-------
Melee: Unarmed           ||    19
       Hand axe          ||    86
 Cast: Freeze            ||    33
  Use: Scroll            ||     1
 Stab: Sleeping          ||     1
  Eat: Chunk             ||     2
Armor: Robe              ||    87
Dodge: Dodged            ||   129
